[Event "ICC tourney 2260 (3 2)"]
[Site "Internet Chess Club"]
[Date "2020.12.31"]
[Round "10"]
[White "xyzchessdude"]
[Black "Mozart1"]
[Result "0-1"]
[ICCResult "White checkmated"]
[WhiteElo "1992"]
[BlackElo "1836"]
[Opening "Réti: advance variation"]
[ECO "A09"]
[NIC "RE.14"]
[Time "14:38:04"]
[PlyCount "140"]
[TimeControl "180+2"]

1. Nf3 d5 2. c4 d4 3. g3 c5 4. b4 cxb4 5. a3 bxa3 6. Bg2 a2 7. Rxa2 Nc6 8.
O-O e5 9. d3 Bd6 10. Ba3 Bxa3 11. Nxa3 Nf6 12. Qa4 O-O 13. Rb1 a6 14. Nd2
Qc7 15. h3 Bd7 16. Qb3 Rfb8 17. Qb6 Qc8 18. Nc2 Bxh3 19. Nb4 Nxb4 20. Qxb4
Bxg2 21. Kxg2 Qc6+ 22. Kg1 b5 23. Qe7 Re8 24. Qb4 bxc4 25. Nxc4 Nd5 26. Qb7
Qe6 27. Rab2 h6 28. Nb6 Nxb6 29. Rxb6 Qa2 30. R1b2 Qa1+ 31. Rb1 Qa4 32. Qc6
Qxc6 33. Rxc6 a5 34. Rc5 a4 35. Ra1 f6 36. Rc4 a3 37. Rc2 Reb8 38. Rca2 Rb3
39. Kg2 Kf7 40. Kf3 f5 41. g4 e4+ 42. Kf4 exd3 43. exd3 Rxd3 44. gxf5 Kf6
45. f3 Re3 46. Rd1 Ra4 47. Kg3 Rb3 48. Rda1 d3 49. Kf2 Rb2+ 50. Ke3 Rxa2
51. Rxa2 Kxf5 52. Kxd3 h5 53. Ke3 h4 54. Kf2 g5 55. Kg2 Kf4 56. Kf2 h3 57.
Ra1 a2 58. Kg1 Kxf3 59. Kh2 g4 60. Rf1+ Ke2 61. Ra1 Kf2 62. Kh1 Kg3 63.
Rg1+ Kh4 64. Ra1 g3 65. Kg1 h2+ 66. Kg2 Kg4 67. Kh1 Kh3 68. Rxa2 g2+ 69.
Rxg2 Ra1+ 70. Rg1 Rxg1# { White checkmated } 0-1

[Event "ICC tourney 2260 (3 2)"]
[Site "Internet Chess Club"]
[Date "2020.12.31"]
[Round "10"]
[White "hi321"]
[Black "hartej"]
[Result "1/2-1/2"]
[ICCResult "Game drawn by mutual agreement"]
[WhiteElo "1433"]
[BlackElo "1516"]
[Opening "Bird's opening"]
[ECO "A02"]
[NIC "VO.07"]
[Time "14:37:58"]
[PlyCount "141"]
[TimeControl "180+2"]

1. f4 d6 2. e3 e5 3. Nf3 Nc6 4. d4 exd4 5. Nxd4 Bd7 6. Bd3 Nxd4 7. exd4 Bc6
8. O-O Be7 9. b3 Nf6 10. Bb2 O-O 11. Nd2 Re8 12. c4 d5 13. Qc2 b6 14. cxd5
Bxd5 15. Rac1 c5 16. dxc5 Bxc5+ 17. Kh1 h6 18. Bxf6 Qxf6 19. Ne4 Bxe4 20.
Bxe4 Rac8 21. g3 Qd4 22. Bg2 Rcd8 23. Rcd1 Qf6 24. Rxd8 Rxd8 25. Rd1 Rxd1+
26. Qxd1 Qd4 27. Qe1 Qe3 28. Qd1 Kf8 29. Bf3 Qd4 30. Qe1 Bb4 31. Qe2 Bc5
32. Kg2 Qe3 33. Qd1 Ke7 34. Qd5 Qf2+ 35. Kh3 Qd4 36. Qh5 Qd7+ 37. Bg4 Qd6
38. Qf5 Qc7 39. Qe4+ Kf8 40. Qa8+ Ke7 41. Qd5 g6 42. Qe4+ Kf8 43. Qe2 Kg7
44. Bf3 Qd7+ 45. Kg2 Bd4 46. h4 Qd6 47. Kh3 Qe6+ 48. Kg2 Qxe2+ 49. Bxe2 Kf6
50. Kf3 Bc5 51. Bb5 g5 52. hxg5+ hxg5 53. Ke4 gxf4 54. gxf4 a5 55. f5 Kg5
56. Ke5 f6+ 57. Ke6 Be3 58. Bd7 Bd4 59. Kd5 Bc5 60. Kc4 Kf4 61. Kc3 Ke5 62.
Kb2 Bd4+ 63. Ka3 Kd6 64. Be6 Bc5+ 65. Kb2 Bd4+ 66. Kc2 Kc5 67. Kd3 Be5 68.
Kc2 Kb4 69. Kb1 a4 70. bxa4 Kxa4 71. Bf7 { Game drawn by mutual agreement }
1/2-1/2

[Event "ICC tourney 2260 (3 2)"]
[Site "Internet Chess Club"]
[Date "2020.12.31"]
[Round "10"]
[White "garynanoman"]
[Black "Zapateado"]
[Result "0-1"]
[ICCResult "White forfeits on time"]
[WhiteElo "1850"]
[BlackElo "1908"]
[Opening "Sicilian: accelerated fianchetto, modern variation with Bc4"]
[ECO "B35"]
[NIC "SI.33"]
[Time "14:38:39"]
[PlyCount "152"]
[TimeControl "180+2"]

1. e4 c5 2. Nf3 g6 3. d4 cxd4 4. Nxd4 Nc6 5. Nc3 Bg7 6. Be3 Nf6 7. Bc4 O-O
8. Bb3 a5 9. a4 Ng4 10. Qxg4 Nxd4 11. Bxd4 Bxd4 12. O-O Bxc3 13. bxc3 d6
14. Qe2 Qc7 15. Qd2 b6 16. Rfe1 Ba6 17. Rad1 Rac8 18. Qh6 Qxc3 19. e5 dxe5
20. Re3 Rcd8 21. Rf1 Qd2 22. c4 Rd3 23. Qh3 Rxe3 24. fxe3 Qc3 25. Ba2 Bxc4
26. Bxc4 Qxc4 27. Qh6 e4 28. Rf4 Qc1+ 29. Kf2 Qb2+ 30. Kg3 Qg7 31. Qxg7+
Kxg7 32. Rxe4 e6 33. Rc4 Rd8 34. Rc6 Rd3 35. Kf3 Ra3 36. Rxb6 Rxa4 37. Ra6
Ra1 38. h3 a4 39. Kf2 a3 40. g3 a2 41. Kg2 Kf6 42. Ra5 h5 43. e4 g5 44. h4
g4 45. Kh2 Re1 46. Rxa2 Rxe4 47. Rf2+ Kg6 48. Rb2 f5 49. Rb6 Kf6 50. Kg2
Re2+ 51. Kf1 Rc2 52. Rb5 Rc6 53. Kf2 e5 54. Ra5 Kg6 55. Rxe5 Rc2+ 56. Kf1
Kf6 57. Ra5 Rc3 58. Kf2 Rf3+ 59. Kg2 Kg6 60. Ra6+ Kg7 61. Rb6 f4 62. gxf4
Rxf4 63. Rb3 Kg6 64. Rb6+ Rf6 65. Rb3 Re6 66. Rc3 Kf5 67. Rc5+ Re5 68. Rc2
Kf4 69. Rc4+ Re4 70. Rc5 Re2+ 71. Kf1 Rh2 72. Rxh5 Kg3 73. Kg1 Rb2 74. Kf1
Kh3 75. Rc5 g3 76. Rc1 Kh2 { White forfeits on time } 0-1

[Event "ICC tourney 2260 (3 2)"]
[Site "Internet Chess Club"]
[Date "2020.12.31"]
[Round "11"]
[White "DualMoneytime"]
[Black "tigerche207"]
[Result "1-0"]
[ICCResult "Black resigns"]
[WhiteElo "1960"]
[BlackElo "1934"]
[Opening "Giuoco Piano"]
[ECO "C50"]
[NIC "IG.02"]
[Time "14:51:40"]
[PlyCount "31"]
[TimeControl "180+2"]

1. e4 e5 2. Nf3 Nc6 3. Bc4 Bc5 4. O-O Nf6 5. d4 Nxd4 6. Nxe5 O-O 7. Be3 Ne6
8. Bxe6 Bxe3 9. Bxf7+ Rxf7 10. Nxf7 Bxf2+ 11. Rxf2 Kxf7 12. e5 Qe7 13. exf6
gxf6 14. Qh5+ Kg7 15. Nc3 d6 16. Raf1 { Black resigns } 1-0

[Event "ICC tourney 2260 (3 2)"]
[Site "Internet Chess Club"]
[Date "2020.12.31"]
[Round "11"]
[White "ved2006"]
[Black "michaelxiao"]
[Result "1-0"]
[ICCResult "Black resigns"]
[WhiteElo "1719"]
[BlackElo "1318"]
[Opening "Queen's pawn"]
[ECO "A40"]
[NIC "QO.17"]
[Time "14:52:29"]
[PlyCount "27"]
[TimeControl "180+2"]

1. d4 e6 2. Nf3 d5 3. e3 c5 4. c3 cxd4 5. cxd4 Nc6 6. Nc3 Bb4 7. a3 Bxc3+
8. bxc3 Nge7 9. Qb3 b6 10. c4 dxc4 11. Bxc4 Bb7 12. Bd2 O-O 13. O-O Na5 14.
Bxa5 { Black resigns } 1-0

[Event "ICC tourney 2260 (3 2)"]
[Site "Internet Chess Club"]
[Date "2020.12.31"]
[Round "11"]
[White "andrewj508"]
[Black "Heliosis"]
[Result "0-1"]
[ICCResult "White resigns"]
[WhiteElo "1270"]
[BlackElo "1880"]
[Opening "Queen's pawn: London system"]
[ECO "A45"]
[NIC "QP.07"]
[Time "14:51:46"]
[PlyCount "44"]
[TimeControl "180+2"]

1. d4 Nf6 2. Bf4 d5 3. e3 Bf5 4. c4 e6 5. Nc3 c5 6. Nb5 Na6 7. Nf3 Be7 8.
Be2 O-O 9. O-O h6 10. Nc3 Rc8 11. a3 dxc4 12. Bxc4 cxd4 13. Bxa6 dxc3 14.
Bxb7 cxb2 15. Rb1 Qxd1 16. Rfxd1 Bxb1 17. Bxc8 Rxc8 18. e4 Bc2 19. Rf1 b1=Q
20. Rxb1 Bxb1 21. e5 Nd5 22. Bd2 Bxa3 { White resigns } 0-1

[Event "ICC tourney 2260 (3 2)"]
[Site "Internet Chess Club"]
[Date "2020.12.31"]
[Round "11"]
[White "karuto2006"]
[Black "atippa"]
[Result "0-1"]
[ICCResult "White resigns"]
[WhiteElo "1699"]
[BlackElo "1732"]
[Opening "Two knights defense"]
[ECO "C58"]
[NIC "KP.01"]
[Time "14:52:14"]
[PlyCount "62"]
[TimeControl "180+2"]

1. e4 e5 2. Nf3 Nc6 3. Bc4 Nf6 4. Ng5 d5 5. exd5 Na5 6. Bb5+ c6 7. dxc6
bxc6 8. Bd3 Nd5 9. Ne4 Nf4 10. Bf1 Bf5 11. d3 Bxe4 12. dxe4 Qxd1+ 13. Kxd1
Bc5 14. Bxf4 exf4 15. Ke2 O-O 16. Nc3 Nc4 17. b3 Nd6 18. g3 fxg3 19. hxg3
Bd4 20. Kd3 Bxc3 21. Kxc3 Nxe4+ 22. Kc4 Nxf2 23. Rh2 Ng4 24. Rh4 Ne3+ 25.
Kc5 Nxc2 26. Rc1 Ne3 27. Bd3 h6 28. b4 Rad8 29. Be4 Nd5 30. Bxd5 cxd5 31.
Rd4 Rc8+ { White resigns } 0-1

[Event "ICC tourney 2260 (3 2)"]
[Site "Internet Chess Club"]
[Date "2020.12.31"]
[Round "11"]
[White "shrey16ultimate"]
[Black "MehPlayer"]
[Result "1-0"]
[ICCResult "Black resigns"]
[WhiteElo "1601"]
[BlackElo "1528"]
[Opening "Queen's pawn: London system"]
[ECO "A45"]
[NIC "QP.07"]
[Time "14:51:47"]
[PlyCount "47"]
[TimeControl "180+2"]

1. d4 Nf6 2. Bf4 e5 3. dxe5 Ng8 4. Nf3 Nc6 5. e4 g6 6. Bc4 Bg7 7. Nc3 Nge7
8. O-O O-O 9. Qe2 b6 10. Rad1 Bb7 11. e6 fxe6 12. Bxe6+ Kh8 13. Rxd7 Qe8
14. Bg5 Bf6 15. Bxf6+ Rxf6 16. Bh3 Qf8 17. Rxc7 Rb8 18. Nd5 Rf7 19. Nxe7
Nxe7 20. Ne5 Rf4 21. Nd7 Rxe4 22. Qxe4 Bxe4 23. Nxf8 Rxf8 24. Rxe7 { Black
resigns } 1-0

[Event "ICC tourney 2260 (3 2)"]
[Site "Internet Chess Club"]
[Date "2020.12.31"]
[Round "11"]
[White "Tombstone"]
[Black "uzkuzk"]
[Result "1-0"]
[ICCResult "Black resigns"]
[WhiteElo "1990"]
[BlackElo "1809"]
[Opening "King's Indian: fianchetto, Uhlmann (Szabo) variation"]
[ECO "E62"]
[NIC "KI.72"]
[Time "14:51:45"]
[PlyCount "55"]
[TimeControl "180+2"]

1. d4 Nf6 2. c4 g6 3. Nf3 Bg7 4. g3 O-O 5. Bg2 d6 6. O-O Nc6 7. Nc3 e5 8.
d5 Ne7 9. e4 Nd7 10. Be3 f5 11. Ng5 Nf6 12. f3 h6 13. Nh3 g5 14. Bf2 f4 15.
g4 Rf7 16. b4 Bf8 17. c5 Rg7 18. Nb5 h5 19. gxh5 g4 20. h6 Rg6 21. fxg4
Bxg4 22. Qd3 f3 23. Bh4 fxg2 24. Rxf6 Kh7 25. Rf7+ Kxh6 26. Qe3+ Kh5 27.
Rh7+ Bh6 28. Rxh6+ { Black resigns } 1-0

[Event "ICC tourney 2260 (3 2)"]
[Site "Internet Chess Club"]
[Date "2020.12.31"]
[Round "11"]
[White "MChessy"]
[Black "martinjames28"]
[Result "1-0"]
[ICCResult "Black resigns"]
[WhiteElo "1950"]
[BlackElo "1196"]
[Opening "Caro-Kann: classical variation"]
[ECO "B18"]
[NIC "CK.10"]
[Time "14:51:38"]
[PlyCount "61"]
[TimeControl "180+2"]

1. e4 c6 2. d4 d5 3. Nd2 dxe4 4. Nxe4 Bf5 5. Ng3 Bg6 6. Nf3 Nd7 7. Be3 e6
8. Qd2 Ngf6 9. h4 h6 10. h5 Bh7 11. O-O-O Bd6 12. Bd3 Bxd3 13. Qxd3 Bxg3
14. fxg3 O-O 15. Qd2 Ne4 16. Qd3 Nxg3 17. Rh3 Nf5 18. Bf4 c5 19. g4 Nxd4
20. Nxd4 cxd4 21. Qxd4 Nf6 22. g5 Qxd4 23. Rxd4 hxg5 24. Bxg5 Nd5 25. h6
gxh6 26. Bxh6 Nf6 27. Bxf8 Kxf8 28. Rh8+ Ng8 29. Rg4 Ke7 30. Rhxg8 Rxg8 31.
Rxg8 { Black resigns } 1-0

[Event "ICC tourney 2260 (3 2)"]
[Site "Internet Chess Club"]
[Date "2020.12.31"]
[Round "11"]
[White "kittypuppy"]
[Black "TheOrcaPro"]
[Result "1-0"]
[ICCResult "Black resigns"]
[WhiteElo "1135"]
[BlackElo "1735"]
[Opening "King's Indian defense, 3.Nc3"]
[ECO "E61"]
[NIC "KI.80"]
[Time "14:51:38"]
[PlyCount "73"]
[TimeControl "180+2"]

1. d4 Nf6 2. c4 g6 3. Nc3 Bg7 4. Bf4 d6 5. Nf3 c6 6. e3 Nbd7 7. Qc2 O-O 8.
Bd3 Re8 9. O-O e5 10. dxe5 dxe5 11. Bg3 e4 12. Nxe4 Nxe4 13. Bxe4 Nc5 14.
Nd2 Nxe4 15. Nxe4 Bf5 16. f3 Qb6 17. c5 Qxb2 18. Qxb2 Bxb2 19. Rab1 Bg7 20.
Rxb7 Reb8 21. Rxb8+ Rxb8 22. Bxb8 Bxe4 23. fxe4 Bc3 24. Bxa7 Bd2 25. Rf3 g5
26. Rg3 h6 27. h4 f6 28. hxg5 fxg5 29. Rh3 Kg7 30. Rh5 Kg6 31. Rh1 Bxe3+
32. Kf1 h5 33. Ke2 Bf4 34. Kf3 Be5 35. g4 hxg4+ 36. Kxg4 Bf4 37. Rb1 {
Black resigns } 1-0

[Event "ICC tourney 2260 (3 2)"]
[Site "Internet Chess Club"]
[Date "2020.12.31"]
[Round "11"]
[White "caracleliem2"]
[Black "chessmonkey05"]
[Result "0-1"]
[ICCResult "White resigns"]
[WhiteElo "1152"]
[BlackElo "1617"]
[Opening "Ruy Lopez: 5.O-O"]
[ECO "C78"]
[NIC "RL.12"]
[Time "14:52:29"]
[PlyCount "68"]
[TimeControl "180+2"]

1. e4 e5 2. Nf3 Nc6 3. Bb5 a6 4. Ba4 Nf6 5. O-O b5 6. Bb3 Bc5 7. c3 d6 8.
h3 h6 9. Re1 O-O 10. d4 Bb6 11. d5 Ne7 12. Be3 Ng6 13. Bxb6 cxb6 14. Nbd2
Bxh3 15. gxh3 Qd7 16. Kh2 Nh5 17. Nxe5 dxe5 18. Qxh5 Nf4 19. Qg4 f5 20.
exf5 Kh8 21. Rxe5 Nd3 22. Bc2 Nxe5 23. Qe4 Rae8 24. Qg2 b4 25. Qg1 bxc3 26.
bxc3 Qxd5 27. Qg2 Qxd2 28. Bb3 Qf4+ 29. Qg3 Qxg3+ 30. fxg3 Rxf5 31. g4 Rf3
32. Ba4 Re7 33. Bd1 Rxc3 34. Bb3 b5 { White resigns } 0-1

[Event "ICC tourney 2260 (3 2)"]
[Site "Internet Chess Club"]
[Date "2020.12.31"]
[Round "11"]
[White "marinaxiao"]
[Black "aberdeenace"]
[Result "1-0"]
[ICCResult "Black resigns"]
[WhiteElo "1556"]
[BlackElo "1546"]
[Opening "Pirc: classical (two knights) system"]
[ECO "B06"]
[NIC "PU.10"]
[Time "14:52:15"]
[PlyCount "47"]
[TimeControl "180+2"]

1. e4 g6 2. d4 Bg7 3. Nf3 d6 4. Nc3 Nf6 5. Bd3 O-O 6. O-O Bg4 7. Be3 c6 8.
h3 Bxf3 9. Qxf3 Nbd7 10. Rad1 Rb8 11. Kh1 Qc7 12. Qe2 b5 13. a3 a5 14. d5
b4 15. axb4 Rxb4 16. dxc6 Qxc6 17. Bb5 Qb7 18. Bxd7 Nxd7 19. Nd5 Rxb2 20.
Nxe7+ Kh8 21. Rxd6 Nc5 22. Bxc5 Re8 23. Nd5 Qxd5 24. Rxd5 { Black resigns }
1-0

[Event "ICC tourney 2260 (3 2)"]
[Site "Internet Chess Club"]
[Date "2020.12.31"]
[Round "11"]
[White "Mozart1"]
[Black "garynanoman"]
[Result "0-1"]
[ICCResult "White checkmated"]
[WhiteElo "1836"]
[BlackElo "1850"]
[Opening "Petrov's defense"]
[ECO "C42"]
[NIC "RG.03"]
[Time "14:51:42"]
[PlyCount "74"]
[TimeControl "180+2"]

1. e4 e5 2. Nf3 Nf6 3. Nxe5 Nc6 4. Nxc6 dxc6 5. d3 Bc5 6. Be2 h5 7. Nc3 Ng4
8. Bxg4 hxg4 9. Qe2 Be6 10. Bf4 g5 11. Bg3 Qd7 12. O-O-O O-O-O 13. Kb1 b5
14. Be5 Rh6 15. d4 Bb6 16. Qe3 f6 17. Bg3 Bxd4 18. Qc1 Qf7 19. Qd2 b4 20.
Ne2 Bxa2+ 21. Kc1 Bxb2+ 22. Kxb2 Rxd2 23. Rxd2 Qc4 24. Ra1 b3 25. c3 Rh8
26. Rad1 Kb7 27. Nc1 Qxe4 28. Rd7 Qc2+ 29. Ka3 Qxc3 30. Rxc7+ Ka8 31. Rdd7
b2+ 32. Kxa2 bxc1=N+ 33. Kb1 Rb8+ 34. Rb7 Rxb7+ 35. Rxb7 Kxb7 36. h4 Nd3
37. Ka2 Qb2# { White checkmated } 0-1

[Event "ICC tourney 2260 (3 2)"]
[Site "Internet Chess Club"]
[Date "2020.12.31"]
[Round "11"]
[White "tavit2"]
[Black "miyzhang"]
[Result "1-0"]
[ICCResult "Black checkmated"]
[WhiteElo "629"]
[BlackElo "1227"]
[Opening "King's gambit accepted"]
[ECO "C33"]
[NIC "KG.03"]
[Time "14:52:16"]
[PlyCount "149"]
[TimeControl "180+2"]

1. e4 e5 2. f4 exf4 3. d3 Nc6 4. Bxf4 d5 5. exd5 Qxd5 6. Nc3 Qd8 7. Nf3
Qe7+ 8. Qe2 Qxe2+ 9. Bxe2 Bg4 10. O-O-O Bxf3 11. Bxf3 Nge7 12. Bxc6+ bxc6
13. Bxc7 Nd5 14. Nxd5 cxd5 15. Rhe1+ Be7 16. Bd6 Kd7 17. Bxe7 Rae8 18. Bb4
Rxe1 19. Rxe1 Rb8 20. Ba3 Kc6 21. Re7 Kb5 22. Rxf7 d4 23. Rxg7 Ka4 24. Rxh7
Rg8 25. Rh4 Rxg2 26. Rxd4+ Kb5 27. Rh4 Kc6 28. Rc4+ Kb5 29. h4 Rg1+ 30. Kd2
Rg2+ 31. Kc3 Rh2 32. Rc5+ Kb6 33. h5 a5 34. d4 Rh3+ 35. Kc4 a4 36. d5 Kb7
37. d6 Rh4+ 38. Kb5 Rd4 39. h6 Rxd6 40. h7 Rh6 41. Kxa4 Rxh7 42. Re5 Rc7
43. Re7 Rxe7 44. Bxe7 Ka6 45. Bc5 Kb7 46. Bd6 Kc6 47. Bc7 Kd5 48. Bd6 Kxd6
49. c4 Kc5 50. b3 Kc6 51. Kb4 Kb6 52. a4 Kc6 53. c5 Kb7 54. a5 Ka6 55. c6
Ka7 56. c7 Kb7 57. a6+ Kxc7 58. Kb5 Kb8 59. b4 Ka7 60. Ka5 Ka8 61. b5 Ka7
62. b6+ Kb8 63. b7 Ka7 64. Kb5 Kb8 65. Kc6 Ka7 66. Kc7 Kxa6 67. b8=Q Ka5
68. Qb6+ Ka4 69. Kc6 Ka3 70. Qb5 Ka2 71. Qb4 Ka1 72. Kd5 Ka2 73. Kc4 Ka1
74. Kc3 Ka2 75. Qb2# { Black checkmated } 1-0

[Event "ICC tourney 2260 (3 2)"]
[Site "Internet Chess Club"]
[Date "2020.12.31"]
[Round "11"]
[White "NL008"]
[Black "StevChess01"]
[Result "1-0"]
[ICCResult "Black resigns"]
[WhiteElo "1534"]
[BlackElo "1684"]
[Opening "Sicilian: O'Kelly variation"]
[ECO "B28"]
[NIC "SI.43"]
[Time "14:51:46"]
[PlyCount "65"]
[TimeControl "180+2"]

1. e4 c5 2. Nf3 a6 3. c3 e6 4. d4 d5 5. exd5 Qxd5 6. c4 Qe4+ 7. Be2 cxd4 8.
Qxd4 Qxd4 9. Nxd4 Nf6 10. Nc3 Bc5 11. Nb3 Be7 12. Bf4 Nc6 13. O-O O-O 14.
Rfd1 Rd8 15. Bc7 Rxd1+ 16. Rxd1 h6 17. Na4 Ne8 18. Bg3 b5 19. Nb6 Bb7 20.
Nxa8 Bxa8 21. cxb5 axb5 22. Bxb5 Nb4 23. Bxe8 Nxa2 24. Ra1 Bd5 25. Rxa2
Bxb3 26. Ra8 Bf8 27. Bc6 Bc4 28. Bd6 g6 29. Rxf8+ Kg7 30. Rc8 Kf6 31. b4
Bd5 32. Bxd5 exd5 33. b5 { Black resigns } 1-0

[Event "ICC tourney 2260 (3 2)"]
[Site "Internet Chess Club"]
[Date "2020.12.31"]
[Round "11"]
[White "auggie29"]
[Black "ZAPPAWITS"]
[Result "1-0"]
[ICCResult "Black resigns"]
[WhiteElo "1095"]
[BlackElo "1713"]
[Opening "Queen's pawn, Mason variation"]
[ECO "D00"]
[NIC "QP.08"]
[Time "14:52:18"]
[PlyCount "89"]
[TimeControl "180+2"]

1. d4 d5 2. Bf4 c6 3. Nf3 Nf6 4. e3 Bg4 5. c4 e6 6. Nc3 Bb4 7. a3 Bxc3+ 8.
bxc3 O-O 9. Be2 dxc4 10. Bxc4 Nd5 11. Bxd5 exd5 12. h3 Bh5 13. O-O Qa5 14.
Qb3 Bxf3 15. gxf3 Qb6 16. Qxb6 axb6 17. Rab1 Nd7 18. Rb3 b5 19. Rfb1 Ra4
20. e4 dxe4 21. fxe4 Rfa8 22. Bc1 Nf6 23. f3 Nd7 24. Kf2 Nb6 25. Ra1 Nc4
26. Ke2 f6 27. Kd3 Kf7 28. d5 cxd5 29. exd5 Ke7 30. Rxb5 Nxa3 31. Bxa3+
Rxa3 32. Rxa3 Rxa3 33. Rxb7+ Kf8 34. d6 Ra1 35. d7 Rd1+ 36. Kc2 Rd6 37. Kb3
Ke7 38. d8=Q+ Kxd8 39. Rxg7 h6 40. Rg6 h5 41. Rh6 Ke7 42. Rxh5 Ke6 43. c4
f5 44. Rh6+ Ke5 45. Rxd6 { Black resigns } 1-0

[Event "ICC tourney 2260 (3 2)"]
[Site "Internet Chess Club"]
[Date "2020.12.31"]
[Round "11"]
[White "funpawn"]
[Black "MIEMBR"]
[Result "1-0"]
[ICCResult "Black checkmated"]
[WhiteElo "1765"]
[BlackElo "1842"]
[Opening "Sicilian: Taimanov (Bastrikov) variation"]
[ECO "B47"]
[NIC "SI.40"]
[Time "14:51:42"]
[PlyCount "53"]
[TimeControl "180+2"]

1. e4 c5 2. Nf3 e6 3. d4 cxd4 4. Nxd4 Nc6 5. Nc3 Qc7 6. f4 a6 7. Nxc6 bxc6
8. Bd3 Bc5 9. Qe2 Ne7 10. Bd2 Rb8 11. O-O-O Qb7 12. Na4 Bb4 13. Bxb4 Qxb4
14. b3 c5 15. Nb2 d5 16. exd5 Nxd5 17. Bc4 Nc3 18. Qe5 Nxa2+ 19. Kb1 Nc3+
20. Kc1 Nxd1 21. Qxg7 Rf8 22. Rxd1 Bd7 23. f5 Bb5 24. fxe6 Bxc4 25. Nxc4
Ke7 26. Qg5+ Ke8 27. Nd6# { Black checkmated } 1-0

[Event "ICC tourney 2260 (3 2)"]
[Site "Internet Chess Club"]
[Date "2020.12.31"]
[Round "11"]
[White "hggonzalezzss"]
[Black "KingRayfish"]
[Result "1-0"]
[ICCResult "Black checkmated"]
[WhiteElo "1767"]
[BlackElo "1469"]
[Opening "KP: Nimzovich defense"]
[ECO "B00"]
[NIC "VO.05"]
[Time "14:52:13"]
[PlyCount "59"]
[TimeControl "180+2"]

1. e4 Nc6 2. Nf3 d5 3. exd5 Qxd5 4. Nc3 Qh5 5. Be2 Bg4 6. d4 O-O-O 7. Be3
Nf6 8. h3 e6 9. O-O Bd6 10. Nb5 Rhe8 11. Nxd6+ Rxd6 12. c3 Red8 13. Qc1
Bxf3 14. Bxf3 Qf5 15. Bf4 e5 16. Bh2 Re6 17. Bxc6 Rxc6 18. Bxe5 Ne4 19. Qe3
Rg6 20. Rae1 Nd6 21. Bxd6 Rdxd6 22. f4 Qd5 23. Qf3 Rxg2+ 24. Kxg2 Rg6+ 25.
Kf2 Qxa2 26. Re8+ Kd7 27. Rfe1 Qxb2+ 28. R1e2 Qb6 29. Qd5+ Rd6 30. R2e7# {
Black checkmated } 1-0

[Event "ICC tourney 2260 (3 2)"]
[Site "Internet Chess Club"]
[Date "2020.12.31"]
[Round "11"]
[White "Zapateado"]
[Black "Chessnutt2014"]
[Result "1-0"]
[ICCResult "Black resigns"]
[WhiteElo "1908"]
[BlackElo "1941"]
[Opening "English opening"]
[ECO "A16"]
[NIC "EO.64"]
[Time "14:51:48"]
[PlyCount "61"]
[TimeControl "180+2"]

1. c4 Nf6 2. Nc3 g6 3. g3 Bg7 4. Bg2 d6 5. e4 O-O 6. Nge2 c6 7. d3 e5 8.
O-O a5 9. h3 Ne8 10. f4 f5 11. Be3 Na6 12. exf5 gxf5 13. Qd2 Be6 14. b3 Qd7
15. Rad1 Nf6 16. fxe5 dxe5 17. d4 exd4 18. Nxd4 Rad8 19. Qe2 Qf7 20. Nxf5
Rxd1 21. Nxd1 Bxf5 22. Rxf5 Qe6 23. Rf2 Re8 24. Qd2 Ne4 25. Bxe4 Qxe4 26.
Rf4 Qe7 27. Rg4 Rd8 28. Bd4 Rxd4 29. Qxd4 Qe1+ 30. Kg2 Qe2+ 31. Nf2 { Black
resigns } 1-0

[Event "ICC tourney 2260 (3 2)"]
[Site "Internet Chess Club"]
[Date "2020.12.31"]
[Round "11"]
[White "ChiefDas"]
[Black "VeronicaG"]
[Result "1-0"]
[ICCResult "Black forfeits on time"]
[WhiteElo "1857"]
[BlackElo "1828"]
[Opening "Caro-Kann: exchange variation"]
[ECO "B13"]
[NIC "CK.02"]
[Time "14:51:50"]
[PlyCount "59"]
[TimeControl "180+2"]

1. e4 c6 2. d4 d5 3. exd5 cxd5 4. Bd3 Nf6 5. h3 Nc6 6. c3 e6 7. Nf3 Bd6 8.
O-O O-O 9. Re1 b6 10. Ne5 Bb7 11. f4 Rc8 12. Nd2 h6 13. Ndf3 Nd7 14. Qe2
Ndxe5 15. fxe5 Be7 16. Nh2 Na5 17. Qg4 Kh8 18. Nf3 Rg8 19. Qh5 Qf8 20. Ng5
Bxg5 21. Bxg5 g6 22. Qh4 Kh7 23. Rf1 Nc6 24. Rxf7+ Rg7 25. Qxh6+ Kg8 26.
Rxf8+ Kxf8 27. Rf1+ Kg8 28. Bf6 Rcc7 29. Bxg6 Ba6 30. Rf2 { Black forfeits
on time } 1-0

[Event "ICC tourney 2260 (3 2)"]
[Site "Internet Chess Club"]
[Date "2020.12.31"]
[Round "11"]
[White "pari538"]
[Black "Udonramen"]
[Result "0-1"]
[ICCResult "White checkmated"]
[WhiteElo "1522"]
[BlackElo "1947"]
[Opening "Sicilian: dragon, Yugoslav attack, 7...O-O"]
[ECO "B76"]
[NIC "SI.17"]
[Time "14:51:58"]
[PlyCount "50"]
[TimeControl "180+2"]

1. e4 c5 2. Nf3 d6 3. d4 cxd4 4. Nxd4 Nf6 5. Nc3 g6 6. Be3 Bg7 7. f3 O-O 8.
Qd2 Nc6 9. g4 Bd7 10. O-O-O Ne5 11. h4 b5 12. h5 b4 13. Nd5 Nxd5 14. exd5
Qa5 15. Kb1 Bh8 16. hxg6 fxg6 17. Qh2 Rf7 18. Ne6 Nxf3 19. Qh6 Bxb2 20.
Kxb2 Qa3+ 21. Ka1 Ba4 22. Bh3 Bxc2 23. Bd4 b3 24. Qxh7+ Rxh7 25. Ng5 Qxa2#
{ White checkmated } 0-1

[Event "ICC tourney 2260 (3 2)"]
[Site "Internet Chess Club"]
[Date "2020.12.31"]
[Round "11"]
[White "ranu540"]
[Black "AirMaisem"]
[Result "0-1"]
[ICCResult "White checkmated"]
[WhiteElo "1296"]
[BlackElo "1171"]
[Opening "King's pawn game"]
[ECO "C50"]
[NIC "IG.03"]
[Time "14:51:52"]
[PlyCount "112"]
[TimeControl "180+2"]

1. e4 e5 2. Nf3 Nc6 3. Bc4 h6 4. O-O Nf6 5. c3 d6 6. d4 Be7 7. dxe5 dxe5 8.
Qxd8+ Bxd8 9. Nbd2 O-O 10. Re1 Be6 11. Bxe6 fxe6 12. Nc4 Nd7 13. Be3 Bf6
14. Rad1 Rfd8 15. h3 g5 16. Nfd2 b6 17. Nf1 Nf8 18. Ng3 Bg7 19. Nh5 Ng6 20.
Nxg7 Kxg7 21. Na3 Nf4 22. Nb5 Nd3 23. Nxc7 Nxe1 24. Nxe6+ Kf7 25. Nxd8+
Nxd8 26. Rxe1 Ne6 27. g3 Rd8 28. Rf1 Kg6 29. f4 exf4 30. gxf4 gxf4 31. Bxf4
Nxf4 32. Rxf4 Rd2 33. Rf2 Rd1+ 34. Kg2 Re1 35. Kf3 a5 36. Rg2+ Kf6 37. Rg8
Rh1 38. Kg3 Rg1+ 39. Kf4 Rxg8 40. e5+ Ke6 41. Ke4 Rg5 42. Kd4 Rxe5 43. c4
Re2 44. b3 Rxa2 45. b4 axb4 46. c5 bxc5+ 47. Kxc5 b3 48. Kb4 b2 49. Kb3
b1=Q+ 50. Kc3 Rc2+ 51. Kd4 Qd1+ 52. Ke4 Re2+ 53. Kf4 Qf1+ 54. Kg4 Rg2+ 55.
Kh4 Qf4+ 56. Kh5 Qg5# { White checkmated } 0-1

[Event "ICC tourney 2260 (3 2)"]
[Site "Internet Chess Club"]
[Date "2020.12.31"]
[Round "11"]
[White "bobiscool"]
[Black "DrKnight01"]
[Result "1/2-1/2"]
[ICCResult "Game drawn by repetition"]
[WhiteElo "1697"]
[BlackElo "1216"]
[Opening "King's pawn game"]
[ECO "C50"]
[NIC "IG.03"]
[Time "14:52:29"]
[PlyCount "75"]
[TimeControl "180+2"]

1. e4 e5 2. Nf3 Nc6 3. Bc4 h6 4. Nc3 Bc5 5. O-O d6 6. Na4 Bg4 7. Nxc5 dxc5
8. d3 Nd4 9. Bxf7+ Ke7 10. Bc4 Nxf3+ 11. gxf3 Bh3 12. Re1 Qe8 13. Kh1 Nf6
14. f4 Ng4 15. Qf3 Qh5 16. fxe5 Rhf8 17. Qg3 Nxf2+ 18. Kg1 Bg4 19. Be3 Nh3+
20. Kg2 Bf3+ 21. Kf1 Bh1+ 22. Bf2 Rxf2+ 23. Qxf2 Nxf2 24. Re2 Rf8 25. Rxf2
Qxh2 26. Rxf8 Qg2+ 27. Ke1 Qg1+ 28. Kd2 Qxa1 29. Rf7+ Kd8 30. Rxg7 Qxb2 31.
Rg8+ Kd7 32. Rg7+ Ke8 33. Rg8+ Ke7 34. Rg7+ Kd8 35. Rg8+ Kd7 36. Rg7+ Kc6
37. Rg6+ Kd7 38. Rg7+ { Game drawn by repetition } 1/2-1/2